 Dungeon Crawl Stone Soup version 0.27-a0-637-g3a9f0a9c12 (webtiles) character file.

Game seed: 1575966705577524365

219 JoanKharjo the Shooter (level 6, -7/43 HPs)
             Began as a Human Arcane Marksman on Mar 15, 2021.
             Mangled by a hornet (10 damage)
             ... on level 4 of the Dungeon.
             The game lasted 00:14:53 (6186 turns).

JoanKharjo the Shooter (Human Arcane Marksman)      Turns: 6186, Time: 00:14:53

Health: -7/43      AC:  7    Str: 10    XL:     6   Next: 17%
Magic:  4/7        EV: 12    Int: 16    God:
Gold:   274        SH:  0    Dex: 13    Spells: 1/7 levels left

rFire    . . .     SeeInvis .   l - +1 dagger (speed)
rCold    . . .     Faith    .   (no shield)
rNeg     . . .     Spirit   .   e - +1 robe
rPois    .         Reflect  .   (no helmet)
rElec    .         Harm     .   (no cloak)
rCorr    .         Rampage  .   (no gloves)
Will     .....                  (no boots)
Stlth    ++........             (no amulet)
HPRegen  0.14/turn              u - +4 ring of protection
MPRegen  0.10/turn              (no ring)

@: lethally poisoned (-7 -> -29), slowed, very slow
A: no striking features
a: no special abilities


You were on level 4 of the Dungeon.
You visited 1 branch of the dungeon, and saw 5 of its levels.

You collected 274 gold pieces.

Inventory:

Hand Weapons
 a - a +0 shortbow
 i - a +0 spear
 j - a +0 dagger of protection
 l - a +1 dagger of speed (weapon)
 n - a +2 mace of holy wrath
 w - a +2 vorpal falchion
Missiles
 d - 62 arrows
 s - 8 atropa-tipped darts (quivered)
Armour
 e - a +1 robe (worn)
Jewellery
 u - a +4 ring of protection (right hand)
 v - an amulet of faith
Scrolls
 b - a scroll of enchant armour
 f - a scroll of noise {unknown}
 k - 2 scrolls of blinking
 t - 2 scrolls of magic mapping {unknown}
Potions
 c - 2 potions of attraction
 h - 2 potions of lignification {unknown}
 o - a potion of degeneration {unknown}
 p - 2 potions of haste
 q - a potion of flight {unknown}
 r - 2 potions of curing


   Skills:
 - Level 1.0 Fighting
 - Level 2.3 Short Blades
 - Level 4.0 Bows
 - Level 2.0 Dodging
 + Level 3.5 Stealth
 - Level 1.0 Spellcasting
 - Level 3.0 Hexes


You had one spell level left.
You knew the following spells:

 Your Spells              Type           Power      Damage    Failure   Level
a - Corona                Hex            11%        N/A       7%          1
b - Slow                  Hex            10%        N/A       10%         2
c - Inner Flame           Hex/Fire       5%         N/A       36%         3

Your spell library contained the following spells:

 Spells                   Type           Power      Damage    Failure   Level
 Portal Projectile        Hex/Tloc       10%        N/A       36%         3
 Cause Fear               Hex            5%         N/A       54%         4
 Leda's Liquefaction      Hex/Erth       2%         N/A       77%         4


Dungeon Overview and Level Annotations

Branches:
Dungeon (5/15)
 Temple: D:4-7

Altars:
Elyvilon
Makhleb
Qazlal
Uskayaw
Vehumet
Wu Jian
Xom

Annotations:
D:3 1 runed translucent door, mastekator's ghost, amateur GrFi


Message History

The hornet stings you but does no damage.
The hornet stings you!
You feel as though you will be slow longer.
You are too injured to fight recklessly!
You are too injured to fight recklessly!
You are too injured to fight recklessly!
You hit the hornet.
The hornet is lightly wounded.
You feel sick. The hornet stings you!
* * * LOW HITPOINT WARNING * * *
You feel as though you will be slow longer.
Unknown command.
You feel better. The hornet barely misses you. x2
You hit the hornet.
The hornet is moderately wounded.
The hornet barely misses you. The hornet stings you!
* * * LOW HITPOINT WARNING * * *
You feel as though you will be slow longer.
You hit the hornet but do no damage.
The hornet is moderately wounded.
The hornet stops glowing.
The hornet barely misses you.
Casting: Corona (safe; 7% risk of failure)
Confirm with . or Enter, or press ? or * to list all spells.
Aiming: Corona (safe; 7% risk of failure)
Press: ? - help, Shift-Dir - straight line, f/p - hornet
Aim: a hornet (moderately wounded, chance to affect: 37%)
The hornet resists with some effort.
The hornet stings you.
* * * LOW HITPOINT WARNING * * *
You are lethally poisoned!
You feel as though you will be slow longer.
The hornet stings you.
* * * LOW HITPOINT WARNING * * *
You are more poisoned.
You feel as though you will be slow longer.
Unknown command.
You closely miss the hornet.
The hornet is lightly wounded.
* * * LOW HITPOINT WARNING * * *
You feel sick. The hornet stings you!
You die...

.....##..............l#######
?..........#######.#### ## .
...###.### #.# #. ... #..# #.# #.
.. .....#### #.# #. . #...#. ..##
#.######. ##
#..#####..####.#....._
#......y.........# ##
##.#####@#####...## ##. #.. #..#
#.....# #.( ##### #.#
##.###...### ###<. ....# ##.####
#.........# ##.... ....#
#.....###..####.#.# #.....
....####..........####.#.###.....
....#........####....#.#.##......
......##..†..## ####.#.#.##[#....
.....###.>....## ##...........#..


You could see a hornet.

Vanquished Creatures
  A hound (D:4)
  An orc wizard (D:4)
  An iguana (D:4)
  3 adders
  A white imp (D:3)
  An ooze (D:1)
  2 adder skeletons (D:4)
  2 worms
  A dart slug (D:2)
  5 leopard geckos
  10 orcs
  8 bats
  2 giant cockroaches
  8 goblins
  8 hobgoblins
  2 jackals (D:2)
  A quokka (D:3)
  8 frilled lizards
  6 kobolds
  A leopard gecko skeleton (D:4)
  7 rats
79 creatures vanquished.

Notes
Turn   | Place    | Note
-------+----------+-------------------------------------------
     0 | D:1      | JoanKharjo the Human Arcane Marksman began the quest for
                  | the Orb.
     0 | D:1      | Reached XP level 1. HP: 15/15 MP: 2/2
   257 | D:1      | Reached XP level 2. HP: 18/21 MP: 3/3
   263 | D:1      | Learned a level 2 spell: Slow
   495 | D:1      | Reached skill level 3 in Bows
   721 | D:1      | Reached XP level 3. HP: 15/26 MP: 2/4
  1809 | D:2      | Found a white marble altar of Elyvilon.
  1809 | D:2      | Found a burning altar of Makhleb.
  1817 | D:2      | Found a shimmering altar of Xom.
  1842 | D:2      | Found a radiant altar of Vehumet.
  1843 | D:2      | Found a faded altar of an unknown god.
  1922 | D:2      | Reached skill level 4 in Bows
  1922 | D:2      | Reached XP level 4. HP: 27/32 MP: 3/5
  2145 | D:2      | Noticed a +0 spear
  2146 | D:2      | Noticed a +0 short sword
  2147 | D:2      | Noticed a +0 dagger
  2147 | D:2      | Noticed a +0 spear
  2147 | D:2      | Noticed a +0 dagger
  2148 | D:2      | Noticed a +0 falchion
  2148 | D:2      | Noticed a +0 falchion
  2149 | D:2      | Noticed a +0 short sword
  2151 | D:2      | Found a hide-covered altar of Uskayaw.
  2205 | D:2      | Reached skill level 1 in Short Blades
  3181 | D:3      | Found a runed translucent door.
  3181 | D:3      | Noticed mastekator's ghost (amateur GrFi)
  3769 | D:3      | Reached XP level 5. HP: 35/37 MP: 6/6
  3879 | D:3      | Learned a level 3 spell: Inner Flame
  4151 | D:4      | Noticed a hornet
  4387 | D:3      | Reached skill level 1 in Stealth
  4656 | D:4      | Found a stormy altar of Qazlal.
  4760 | D:4      | Found an ornate altar of the Wu Jian Council.
  5517 | D:4      | Reached XP level 6. HP: 23/43 MP: 5/7
  6020 | D:5      | Entered Level 5 of the Dungeon
  6186 | D:4      | Mangled by a hornet

Illustrated notes

Levels and vault maps discovered:
D:1:      dpeg_arrival_chambers_temple_mockup, layout_rooms, fountainhead,
          supply_closet_lemuel, hangedman_glass_teeth,
          chequers_serial_rivers_micro_b, minmay_misc_feat_nine_boxes
D:2:      layout_basic, nicolae_uskayaw_en_pointe,
          chequers_temple_overflow_minitemple
D:3:      minmay_inner_zag, layout_loops_corners,
          hellmonk_ghost_happy_afterlife, hex_tiny
D:4:      layout_rooms, overflow_temple_1_default,
          pdpol_wu_jian_five_deadly_venoms
D:5:      layout_gridville, serial_shops, nicolae_shop_crystal, shop

Skill      XL: |  1  2  3  4  5 |
---------------+----------------+-----
Bows           | 3 4 |  4.0
Short Blades   | 2 |  2.3
Stealth        | 3 |  3.5
Fighting       | |  1.0
Dodging        | |  2.0
Spellcasting   | |  1.0
Hexes          | |  3.0

Action                   |  1- 3 |  4- 6 || total
-------------------------+-------+-------++-------
Melee: Club              |    28 |       ||    28
       Unarmed           |    12 |       ||    12
       Spear             |    16 |       ||    16
       Dagger            |    77 |   322 ||   399
       Mace              |       |     2 ||     2
 Fire: Shortbow          |       |     8 ||     8
 Cast: Corona            |     5 |    23 ||    28
       Slow              |       |     5 ||     5
  Use: Scroll            |       |     7 ||     7
       Potion            |       |     1 ||     1
 Stab: Sleeping          |     3 |     4 ||     7
Armor: Robe              |    30 |    64 ||    94
Dodge: Dodged            |    86 |   118 ||   204

Table legend: (Time is in decaauts)
 A = Elapsed time spent in this place.
 B = Non-inter-level travel time spent in this place.
 C = Inter-level travel time spent in this place.
 D = Time resting spent in this place.
 E = Time spent auto-exploring this place.
 F = Levels seen in this place.
 G = Mean time per level.
                   A        B        C        D        E       F      G
               +--------+--------+--------+--------+--------+-----+--------+
         Total |   6066 |   5720 |    346 |    615 |   4051 |   5 | 1213.2 |
       Dungeon |   6066 |   5720 |    346 |    615 |   4051 |   5 | 1213.2 |
               +--------+--------+--------+--------+--------+-----+--------+

Top non-repeatable levels by time:
     D:3: 2349 daAuts
     D:1: 1457 daAuts
     D:4: 1173 daAuts
     D:2: 1066 daAuts
     D:5: 19 daAuts
